 Dungeon Crawl Stone Soup version 0.29.0-4-gdea44cf6ec (webtiles) character file.

Game seed: 7838158879294354419

99209 qw the Severer (level 15, -3/119 HPs)
             Began as a Demonspawn Cinder Acolyte on Sept 9, 2022.
             Was a High Priest of Okawaru.
             Slain by an orc warrior
             ... wielding a +2 vorpal halberd
              (4 damage)
             ... while paralysed by an orc sorcerer
             ... on level 2 of the Orcish Mines.
             The game lasted 00:10:10 (30924 turns).

qw the Severer (Demonspawn Cinder Acolyte)         Turns: 30924, Time: 00:10:10

Health: -3/119     AC: 38    Str: 22    XL:     15   Next: 77%
Magic:  22/22      EV:  2    Int: 20    God:    Okawaru [*****.]
Gold:   1369       SH:  0    Dex:  8    Spells: 16/16 levels left

rFire   + + .      SeeInvis .   u - +0 broad axe (venom)
rCold   + . .      Faith    .   v - +0 tower shield
rNeg    . . .      Spirit   .   p - +5 plate armour of the Blacksmith {*Corrode rF+ Slay+5}
rPois   +          Reflect  .   j - +0 helmet
rElec   .          Harm     .   y - +0 cloak "Houpsui" {rF+ Int+3}
rCorr   .          Rampage  .   k - +2 pair of gloves {Str+3}
Will    +....                   g - +0 pair of boots
Stlth   ..........              (no amulet)
HPRegen 0.29/turn               f - ring of poison resistance
MPRegen 0.18/turn               z - +4 ring of protection

@: paralysed, about to teleport, heroic
A: claws 2, icy blue scales 3, foul stench 2, icemail 1, condensation shield,
corrupting presence 1, weak 1
a: Renounce Religion, Heroism, Finesse, Duel


You were on level 2 of the Orcish Mines.
You worshipped Okawaru.
Okawaru was extremely pleased with you.
You visited 4 branches of the dungeon, and saw 23 of its levels.
You visited the Abyss 1 time.

You collected 1861 gold pieces.
You spent 492 gold pieces at shops.


Innate Abilities, Weirdness & Mutations

You have very sharp fingernails.
You are completely covered in icy blue scales. (AC +4, rC+)
You sometimes emit foul miasma when damaged in melee.
A meltable icy envelope protects you from harm. (AC +0)
A meltable shield of frost defends you. (SH +0)
Your presence sometimes corrodes those you injure.
You are weak. (Str -2)


   Skills:
 - Level 11.6(16.6) Fighting
 - Level 18.0(23.0) Axes
 - Level 6.0(11.0) Throwing
 - Level 10.0(15.0) Armour
 - Level 4.0(9.0) Dodging
 + Level 8.2(13.2) Shields
 - Level 1.0 Spellcasting
 - Level 2.6 Fire Magic
 - Level 10.4 Invocations


You had 16 spell levels left.
You didn't know any spells.
Your spell library contained the following spells:

 Spells                   Type           Power      Damage    Failure   Level
 Scorch                   Fire           22%        2d6       98%         2

Inventory:

Hand Weapons
 h - a +3 eveningstar of protection
 u - a +0 broad axe of venom (weapon)
Missiles
 d - 2 silver javelins (quivered)
 q - 3 boomerangs
 w - 3 javelins
Armour
 g - a +0 pair of boots (worn)
 j - a +0 helmet (worn)
 k - a +2 pair of gloves of strength (worn)
 m - a +1 cloak
 p - the +5 plate armour of the Blacksmith (worn) {*Corrode rF+ Slay+5}
   (You found it on level 12 of the Dungeon)

   Slay:      It affects your accuracy & damage with ranged weapons and melee
   (+5).
   rF:        It protects you from fire.
   *Corrode:  It may corrode you when you take damage.
 v - a +0 tower shield (worn)
 y - the +0 cloak "Houpsui" (worn) {rF+ Int+3}
   (You found it on level 5 of the Lair of Beasts)

   Int:       It affects your intelligence (+3).
   rF:        It protects you from fire.
Jewellery
 b - a ring of protection from fire
 f - a ring of poison resistance (left hand)
 z - a +4 ring of protection (right hand)
 Y - a +6 ring of strength
Scrolls
 a - 11 scrolls of identify
 l - 4 scrolls of teleportation
Potions
 c - 6 potions of haste
 e - 3 potions of resistance
 i - 2 potions of mutation
 n - 5 potions of heal wounds
 s - 2 potions of might
 t - a potion of cancellation

Dungeon Overview and Level Annotations

Branches:
Dungeon (15/15)            Temple (1/1) D:6            Lair (5/5) D:9
 Shoals (0/4) Lair:2        Snake (0/4) Lair:2        Slime (0/5) Lair:5
    Orc (2/2) D:12         Vaults (0/5) D:14         Depths (0/4) D:15
    Elf: Orc:2

Altars:
Ashenzari
Dithmenos
Fedhas
Gozag
Hepliaklqana
Kikubaaqudgha
Makhleb
Nemelex Xobeh
Okawaru
Qazlal
Ru
Trog
Uskayaw
Vehumet
Wu Jian
Xom
Yredelemnul

Shops:
D:4 !   D:6 [   D:9 *   D:15 *

Portals:
Hell: Lair:5
Trove: D:15 (give 7 scrolls of blinking)

Annotations:
D:2 1 runed translucent door, Crazy Yiuf
D:4 2 transporters, qw's ghost, amateur DsCA
D:7 3 runed translucent doors, qw's ghost, novice DsCA


Message History

You hit the orc knight but do no damage.
The orc knight is severely wounded.
You slash the orc sorcerer!
Your corrupting presence corrodes the orc sorcerer!
You hit the orc knight but do no damage.
You block the orc warrior's attack. You block the orc knight's attack.
The orc sorcerer barely misses you.
You closely miss the orc knight.
The orc knight is severely wounded.
You slash the orc sorcerer!
The orc sorcerer is poisoned.
You barely miss something. You slash the orc knight!
You closely miss the orc sorcerer.
The orc high priest invokes the aid of Beogh against you.
Beogh smites you!
The orc warrior unwields a +0 halberd.
The orc warrior wields a +0 arbalest.
The orc warrior shoots a bolt.
You block the bolt. The orc sorcerer closely misses you.
Something hits you but does no damage.
The orc knight hits you with a +0 long sword!
You emit a cloud of foul miasma!
You block the orc knight's attack.
30922 ||| READING 5 scrolls of teleportation.
As you read the scroll of teleportation, it crumbles to dust.
You feel strangely unstable. You block the orc sorcerer's attack.
The orc knight is engulfed in dark miasma.
The orc knight looks as sick as possible!
The orc knight seems to slow down.
You kill the orc knight!
Okawaru accepts your kill. You block the orc knight's attack.
The orc sorcerer points at you and mumbles some strange words.
You suddenly lose the ability to move!
You kill the orc sorcerer!
Okawaru accepts your kill.
The ice devil disappears in a puff of smoke!
The orc knight hits you with a +0 battleaxe!
The orc sorcerer hits you but does no damage.
The orc warrior unwields a +0 arbalest.
The orc warrior wields a +2 vorpal halberd.
The orc warrior hits you with a +2 vorpal halberd!
You die...

##### ....%# ......###
....%...# %...%4.¤##
..¤o.%o¤o## .3..%oo@).#
%...oo#o).## ..%.o
##...# ##.##.#####.
##.).# #...... #
###....#
##.....#######.....##
#.. ...#..........##
...##............#####
..#..........))###.#.##


You could see 2 orc knights, 2 orc high priests, a ynoxinul (summoned), an orc
sorcerer (strong), a red devil (summoned), 3 orc warriors and an orc wizard
(strong).

Vanquished Creatures
  A bone dragon (Abyss:2)
  A lich (Abyss:2)
  Gastronok (Lair:1)
  Louise (D:14)
  A dire elephant (Lair:5)
  A yellow draconian (Abyss:2)
  A fire dragon (D:15)
  Josephine (Lair:4)
  An ice dragon (D:15)
  11 hydras
  A hell beast (Lair:5)
  2 slime creatures (D:13)
  6 centaur warriors
  2 catoblepae
  An ogre mage (D:15)
  13 two-headed ogres
  A tengu warrior (D:10)
  2 orc high priests (Orc:2)
  Amaemon (Lair:3)
  A spatial maelstrom (Abyss:2)
  A deep elf pyromancer (D:13)
  2 wizards
  6 ugly things
  4 manticores
  2 orc sorcerers (Orc:2)
  3 orc knights
  A wolf spider (D:15)
  An oklob plant (Lair:2)
  A worldbinder (Abyss:2)
  4 cyclopes
  2 merfolk sirens (Lair:2)
  19 elephants
  2 gargoyles (D:15)
  4 orange demons
  4 smoke demons
  6 black mambas
  An unseen horror (D:12)
  12 cane toads
  2 rime drakes
  Maggie (D:7)
  A freezing wraith (D:15)
  A yaktaur (D:15)
  10 komodo dragons
  Psyche (D:10)
  A hellwing (Abyss:2)
  2 efreet (D:14)
  A red devil (Lair:5)
  10 trolls
  An ancient zyme (Abyss:2)
  3 ice devils
  A tengu conjurer (D:13)
  2 polar bears
  3 meliai (D:11)
  2 large abominations (Abyss:2)
  10 blink frogs
  5 raiju (Abyss:2)
  Sigmund (D:2)
  2 vampires
  9 wraiths
  44 yaks
  5 wyverns
  A ynoxinul (Abyss:2)
  A chaos spawn (Abyss:2)
  13 fire elementals
  2 humans (shapeshifter)
  5 golden eyes (Abyss:2)
  A steam dragon (D:8)
  6 basilisks
  A neqoxec (Abyss:2)
  Menkaure (D:6)
  2 vampire mosquitoes (D:12)
  3 nagas (Lair:2)
  2 wargs
  A harpy simulacrum (D:15)
  A spatial vortex (Abyss:2)
  2 acid dragons
  15 water moccasins
  4 hell hounds (Lair:5)
  9 orc warriors
  2 ice beasts (D:7)
  5 ogres (Orc:2)
  6 centaurs
  3 wolves (Lair:5)
  3 kobold brigands
  2 necrophages (D:6)
  7 bullfrogs
  An earth elemental (D:15)
  A gnoll sergeant (D:7)
  8 wights
  14 killer bees
  6 spriggan skeletons (D:10)
  A troll skeleton (D:10)
  2 howler monkeys (D:8)
  3 electric eels
  A lava snake (D:9)
  13 orc priests
  4 hounds
  A jelly (D:5)
  2 gnoll boudas (D:7)
  An iron imp (Abyss:2)
  Jessica (D:2)
  3 iguanas
  Ijyb (D:5)
  Natasha (thrice) (D:2)
  17 orc wizards
  3 small abominations (Abyss:2)
  Robin (D:4)
  13 gnolls
  5 adders
  3 shadow imps (D:6)
  2 white imps
  An ufetubus (Abyss:2)
  4 dart slugs
  41 orcs
  4 endoplasms
  4 giant cockroaches
  14 goblins
  7 hobgoblins
  8 jackals
  6 quokkas
  9 ball pythons
  2 bats
  3 frilled lizards
  23 kobolds
  6 rats
  A bush (Lair:4)
584 creatures vanquished.

Vanquished Creatures (others)
  A small abomination (Abyss:2)
  A kobold (D:6)
  10 fungi
  32 plants
44 creatures vanquished.

Grand Total: 628 creatures vanquished

Notes
Turn   | Place    | Note
-------+----------+-------------------------------------------
     0 | D:1      | qw the Demonspawn Cinder Acolyte began the quest for the
                  | Orb.
     0 | D:1      | Reached XP level 1. HP: 18/18 MP: 2/2
     0 | D:1      | 0 ||| qw: Version: 0.1-a-113-g051387a
     0 | D:1      | 0 ||| qw: Game counter: 7281
     0 | D:1      | 0 ||| qw: Always use a shield: true
     0 | D:1      | 0 ||| qw: God list: Okawaru
     0 | D:1      | 0 ||| qw: Allow faded altars: false
     0 | D:1      | 0 ||| qw: Do Orc after D:15 true
     0 | D:1      | 0 ||| qw: Do second Lair branch before Depths: true
     0 | D:1      | 0 ||| qw: Lair rune preference: random
     0 | D:1      | 0 ||| qw: Plans: Normal
     0 | D:1      | 0 ||| PLANNING D:1-11
   144 | D:1      | Reached skill level 3 in Axes
   163 | D:1      | 163 ||| INVOKING Fiery Armour.
   403 | D:1      | Gained mutation: You are partially covered in icy blue
                  | scales. (AC +2) [demonic ancestry]
   403 | D:1      | Reached XP level 2. HP: 24/24 MP: 3/3
   523 | D:1      | 523 ||| INVOKING Fiery Armour.
   524 | D:1      | HP: 6/24 [endoplasm (2)]
   940 | D:1      | 940 ||| Stepping ~*~*~tactically~*~*~ (stealth).
  1371 | D:1      | 1371 ||| UPGRADING to +0 pair of boots.
  1376 | D:1      | 1376 ||| READING 2 scrolls labelled EPSYCO YNANI.
  1377 | D:1      | 1377 ||| READING scroll labelled NITZIK TUADIKA.
  1378 | D:1      | 1378 ||| READING scroll labelled RESOURUAGG.
  1379 | D:1      | 1379 ||| DRINKING 3 bubbling sapphire potions.
  1380 | D:1      | 1380 ||| DROPPING 2 potions of attraction.
  1466 | D:2      | Gained mutation: A meltable shield of frost defends you.
                  | (SH +0) [demonic ancestry]
  1466 | D:2      | Reached XP level 3. HP: 29/29 MP: 4/4
  1787 | D:2      | Noticed Sigmund
  1788 | D:2      | Noticed Natasha
  1789 | D:2      | 1789 ||| INVOKING Fiery Armour.
  1795 | D:2      | Killed Natasha
  1796 | D:2      | Reached skill level 4 in Axes
  1805 | D:2      | Killed Sigmund
  1806 | D:2      | Reached skill level 3 in Dodging
  1806 | D:2      | Reached XP level 4. HP: 35/35 MP: 5/5
  1806 | D:2      | Gained mutation: You are mostly covered in icy blue scales.
                  | (AC +3) [demonic ancestry]
  1806 | D:2      | Reached XP level 5. HP: 41/41 MP: 6/6
  1837 | D:2      | Noticed Jessica
  1838 | D:2      | 1838 ||| Stepping ~*~*~tactically~*~*~ (hiding).
  1852 | D:2      | Killed Jessica
  1889 | D:2      | 1889 ||| SWAPPING to +1 hand axe of flaming.
  1890 | D:2      | 1890 ||| DROPPING -1 hand axe of flaming.
  2055 | D:2      | Found a runed translucent door.
  2056 | D:2      | Noticed Crazy Yiuf
  2394 | D:2      | 2394 ||| Stepping ~*~*~tactically~*~*~ (stealth).
  2395 | D:2      | 2395 ||| Stepping ~*~*~tactically~*~*~ (stealth).
  2408 | D:2      | Noticed Natasha
  2414 | D:2      | Killed Natasha
  2415 | D:2      | Reached XP level 6. HP: 24/47 MP: 7/7
  2425 | D:2      | 2425 ||| INVOKING Fiery Armour.
  2615 | D:2      | Noticed Natasha
  2616 | D:2      | 2616 ||| Stepping ~*~*~tactically~*~*~ (stealth).
  2618 | D:2      | 2618 ||| Stepping ~*~*~tactically~*~*~ (hiding).
  2630 | D:2      | Killed Natasha
  2631 | D:2      | Reached skill level 5 in Axes
  2700 | D:2      | 2700 ||| UPGRADING to +0 ring mail.
  2710 | D:2      | 2710 ||| DROPPING +0 robe.
  2711 | D:2      | 2711 ||| UPGRADING to +1 cloak.
  2716 | D:2      | 2716 ||| READING scroll labelled RIPRIQ KEUTHRAR.
  2717 | D:2      | 2717 ||| READING scroll labelled KEEFU KIEXT.
  2750 | D:2      | 2750 ||| DROPPING +0 whip.
  2778 | D:2      | 2778 ||| READING 2 scrolls of identify.
  2778 | D:2      | 2778 ||| IDENTIFYING ruby potion
  2869 | D:3      | 2869 ||| Stepping ~*~*~tactically~*~*~ (stealth).
  2872 | D:3      | 2872 ||| INVOKING Fiery Armour.
  2874 | D:3      | Reached skill level 1 in Armour
  2954 | D:3      | 2954 ||| Stepping ~*~*~tactically~*~*~ (stealth).
  2955 | D:3      | 2955 ||| Stepping ~*~*~tactically~*~*~ (stealth).
  3615 | D:3      | 3615 ||| READING scroll labelled TUGARU ZETEREJ.
  3619 | D:3      | 3619 ||| READING scroll labelled KAIPTUS PITYIMP.
  3620 | D:3      | 3620 ||| DRINKING 2 sedimented orange potions.
  3621 | D:3      | 3621 ||| READING 3 scrolls of identify.
  3621 | D:3      | 3621 ||| IDENTIFYING clear potion
  3622 | D:3      | 3622 ||| READING 2 scrolls of identify.
  3622 | D:3      | 3622 ||| IDENTIFYING grey potion
  3623 | D:3      | 3623 ||| DROPPING potion of brilliance.
  3647 | D:4      | 3647 ||| Stepping ~*~*~tactically~*~*~ (stealth).
  3650 | D:4      | 3650 ||| Stepping ~*~*~tactically~*~*~ (stealth).
  3657 | D:4      | 3657 ||| FLEEEEING.
  3658 | D:4      | 3658 ||| FLEEEEING.
  3659 | D:4      | 3659 ||| FLEEEEING.
  3660 | D:4      | 3660 ||| STAIRDANCE
  3871 | D:4      | Found a transporter.
  3996 | D:4      | 3996 ||| Stepping ~*~*~tactically~*~*~ (hiding).
  3998 | D:4      | 3998 ||| Stepping ~*~*~tactically~*~*~ (hiding).
  4002 | D:4      | 4002 ||| INVOKING Fiery Armour.
  4008 | D:4      | Noticed Robin
  4013 | D:4      | 4013 ||| Stepping ~*~*~tactically~*~*~ (hiding).
  4021 | D:4      | Killed Robin
  4022 | D:4      | 4022 ||| Stepping ~*~*~tactically~*~*~ (stealth).
  4053 | D:4      | Found a transporter.
  4144 | D:4      | Noticed qw's ghost (amateur DsCA)
  4414 | D:4      | Found Femaytur's Distillery.
  4417 | D:4      | 4417 ||| BUYING potion of haste (100 gold).
  4417 | D:4      | Bought a potion of haste for 100 gold pieces
  4417 | D:4      | 4417 ||| BUYING potion of heal wounds (50 gold).
  4417 | D:4      | Bought a potion of heal wounds for 50 gold pieces
  4417 | D:4      | 4417 ||| SHOPLISTING potion of mutation (80 gold, have 64).
  4437 | D:4      | 4437 ||| FLEEEEING.
  4438 | D:4      | 4438 ||| FLEEEEING.
  4439 | D:4      | 4439 ||| FLEEEEING.
  4440 | D:4      | 4440 ||| FLEEEEING.
  4441 | D:4      | 4441 ||| FLEEEEING.
  4442 | D:4      | 4442 ||| STAIRDANCE
  4540 | D:3      | 4540 ||| UPGRADING to +0 pair of gloves.
  4545 | D:3      | 4545 ||| UPGRADING to +0 helmet.
  4550 | D:3      | 4550 ||| DROPPING ring of flight.
  4551 | D:3      | 4551 ||| READING scroll labelled LIP DI LUCA.
  4552 | D:3      | 4552 ||| READING scroll labelled YCVAG NITOUTU.
  4688 | D:4      | 4688 ||| SWAPPING to +0 vorpal war axe.
  4689 | D:4      | 4689 ||| DROPPING +1 hand axe of draining.
  4838 | D:5      | Entered Level 5 of the Dungeon
  4992 | D:5      | Noticed Ijyb
  4993 | D:5      | 4993 ||| Stepping ~*~*~tactically~*~*~ (stealth).
  5004 | D:5      | 5004 ||| Stepping ~*~*~tactically~*~*~ (stealth).
  5012 | D:5      | 5012 ||| Stepping ~*~*~tactically~*~*~ (stealth).
  5014 | D:5      | 5014 ||| Stepping ~*~*~tactically~*~*~ (hiding).
  5019 | D:5      | Paralysed by Ijyb for 2 turns
  5030 | D:5      | Killed Ijyb
  5114 | D:5      | 5114 ||| INVOKING Fiery Armour.
  5121 | D:5      | Gained mutation: A meltable icy envelope protects you from
                  | harm. (AC +0) [demonic ancestry]
  5121 | D:5      | Reached XP level 7. HP: 50/52 MP: 8/8
  5122 | D:5      | Reached skill level 6 in Axes
  5288 | D:5      | 5288 ||| Stepping ~*~*~tactically~*~*~ (stealth).
  5851 | D:5      | 5851 ||| UPGRADING to +0 chain mail.
  5861 | D:5      | 5861 ||| DROPPING +0 ring mail.
  5862 | D:5      | 5862 ||| DROPPING +2 hat.
  5863 | D:5      | 5863 ||| DRINKING 2 metallic emerald potions.
  5864 | D:5      | 5864 ||| READING 2 scrolls of identify.
  5864 | D:5      | 5864 ||| IDENTIFYING fizzy black potion
  5893 | D:6      | 5893 ||| Stepping ~*~*~tactically~*~*~ (stealth).
  5954 | D:6      | 5954 ||| FLEEEEING.
  5955 | D:6      | 5955 ||| FLEEEEING.
  5957 | D:6      | 5957 ||| FLEEEEING.
  5958 | D:6      | 5958 ||| FLEEEEING.
  5959 | D:6      | 5959 ||| FLEEEEING.
  5960 | D:6      | 5960 ||| FLEEEEING.
  5961 | D:6      | 5961 ||| FLEEEEING.
  5964 | D:6      | 5964 ||| FLEEEEING.
  5967 | D:6      | 5967 ||| FLEEEEING.
  5968 | D:6      | 5968 ||| FLEEEEING.
  5969 | D:6      | 5969 ||| FLEEEEING.
  5970 | D:6      | 5970 ||| FLEEEEING.
  5971 | D:6      | 5971 ||| STAIRDANCE
  5972 | D:5      | HP: 11/55 [poisoned by a kobold brigand]
  5977 | D:5      | HP: 5/55 [poisoned by a kobold brigand]
  6264 | D:5      | 6264 ||| READING scroll labelled ACIGIRUATE.
  6265 | D:5      | 6265 ||| READING 2 scrolls of identify.
  6265 | D:5      | 6265 ||| IDENTIFYING blue potion
  6266 | D:5      | 6266 ||| DROPPING potion of degeneration.
  6271 | D:6      | 6271 ||| STAIRDANCE
  6400 | D:6      | 6400 ||| INVOKING Fiery Armour.
  6599 | D:6      | 6599 ||| Stepping ~*~*~tactically~*~*~ (stealth).
  6607 | D:6      | 6607 ||| FLEEEEING.
  6611 | D:6      | 6611 ||| Stepping ~*~*~tactically~*~*~ (stealth).
  6626 | D:6      | Noticed Menkaure
  6630 | D:6      | Killed Menkaure
  6631 | D:6      | Reached skill level 3 in Armour
  6631 | D:6      | Reached XP level 8. HP: 60/61 MP: 9/9
  6638 | D:6      | 6638 ||| FLEEEEING.
  6674 | D:6      | 6674 ||| FLEEEEING.
  6675 | D:6      | 6675 ||| FLEEEEING.
  6676 | D:6      | 6676 ||| FLEEEEING.
  6870 | D:6      | Found a staircase to the Ecumenical Temple.
  6872 | D:6      | 6872 ||| Stepping ~*~*~tactically~*~*~ (stealth).
  6878 | D:6      | Reached skill level 7 in Axes
  6878 | D:6      | 6878 ||| Stepping ~*~*~tactically~*~*~ (stealth).
  7067 | D:6      | Found Seregeor's Armour Shoppe.
  7083 | D:6      | 7083 ||| FLEEEEING.
  7084 | D:6      | 7084 ||| FLEEEEING.
  7085 | D:6      | 7085 ||| FLEEEEING.
  7086 | D:6      | 7086 ||| FLEEEEING.
  7086 | D:6      | HP: 12/61 [electric eel/bolt of electricity (5)]
  7087 | D:6      | 7087 ||| FLEEEEING.
  7088 | D:6      | 7088 ||| FLEEEEING.
  7089 | D:6      | 7089 ||| FLEEEEING.
  7090 | D:6      | 7090 ||| FLEEEEING.
  7091 | D:6      | 7091 ||| FLEEEEING.
  7092 | D:6      | 7092 ||| FLEEEEING.
  7095 | D:6      | 7095 ||| FLEEEEING.
  7098 | D:6      | 7098 ||| FLEEEEING.
  7099 | D:6      | 7099 ||| Stepping ~*~*~tactically~*~*~ (hiding).
  7100 | D:6      | 7100 ||| Stepping ~*~*~tactically~*~*~ (hiding).
  7101 | D:6      | 7101 ||| FLEEEEING.
  7101 | D:6      | HP: 7/61 [poisoned by a kobold brigand]
  7102 | D:6      | 7102 ||| READING 2 scrolls of teleportation.
  7103 | D:6      | 7103 ||| DRINKING 5 potions of heal wounds.
  7104 | D:6      | 7104 ||| INVOKING Fiery Armour.
  7283 | D:6      | 7283 ||| Stepping ~*~*~tactically~*~*~ (stealth).
  7296 | D:6      | 7296 ||| FLEEEEING.
  7309 | D:6      | 7309 ||| FLEEEEING.
  7310 | D:6      | 7310 ||| FLEEEEING.
  7311 | D:6      | 7311 ||| FLEEEEING.
  7312 | D:6      | 7312 ||| FLEEEEING.
  7313 | D:6      | 7313 ||| FLEEEEING.
  7314 | D:6      | 7314 ||| FLEEEEING.
  7315 | D:6      | 7315 ||| FLEEEEING.
  7316 | D:6      | 7316 ||| FLEEEEING.
  7318 | D:6      | 7318 ||| FLEEEEING.
  7319 | D:6      | 7319 ||| FLEEEEING.
  7320 | D:6      | 7320 ||| FLEEEEING.
  7322 | D:6      | 7322 ||| FLEEEEING.
  7323 | D:6      | 7323 ||| FLEEEEING.
  7324 | D:6      | 7324 ||| FLEEEEING.
  7325 | D:6      | 7325 ||| FLEEEEING.
  7326 | D:6      | 7326 ||| FLEEEEING.
  7327 | D:6      | 7327 ||| FLEEEEING.
  7328 | D:6      | 7328 ||| FLEEEEING.
  7329 | D:6      | 7329 ||| FLEEEEING.
  7332 | D:6      | 7332 ||| FLEEEEING.
  7333 | D:6      | 7333 ||| FLEEEEING.
  7334 | D:6      | 7334 ||| FLEEEEING.
  7335 | D:6      | 7335 ||| FLEEEEING.
  7339 | D:6      | HP: 15/61 [poisoned by a kobold brigand]
  7342 | D:6      | 7342 ||| STAIRDANCE
  7344 | D:5      | HP: 10/61 [poisoned by a kobold brigand]
  7603 | D:5      | 7603 ||| UPGRADING to ring of poison resistance.
  7611 | D:6      | Reached skill level 8 in Axes
  7663 | D:6      | 7663 ||| FLEEEEING.
  7664 | D:6      | 7664 ||| FLEEEEING.
  7740 | D:6      | 7740 ||| INVOKING Fiery Armour.
  7743 | D:6      | 7743 ||| FLEEEEING.
  7744 | D:6      | 7744 ||| FLEEEEING.
  7745 | D:6      | 7745 ||| FLEEEEING.
  7746 | D:6      | 7746 ||| FLEEEEING.
  7747 | D:6      | 7747 ||| FLEEEEING.
  7747 | D:6      | HP: 10/61 [electric eel/bolt of electricity (8)]
  7748 | D:6      | 7748 ||| FLEEEEING.
  7749 | D:6      | 7749 ||| FLEEEEING.
  7750 | D:6      | 7750 ||| FLEEEEING.
  7751 | D:6      | 7751 ||| FLEEEEING.
  7752 | D:6      | 7752 ||| FLEEEEING.
  7754 | D:6      | 7754 ||| FLEEEEING.
  7755 | D:6      | HP: 6/61 [electric eel/bolt of electricity (5)]
  7756 | D:6      | 7756 ||| FLEEEEING.
  7757 | D:6      | 7757 ||| FLEEEEING.
  7758 | D:6      | 7758 ||| FLEEEEING.
  7759 | D:6      | 7759 ||| FLEEEEING.
  8081 | D:6      | 8081 ||| FLEEEEING.
  8082 | D:6      | 8082 ||| FLEEEEING.
  8083 | D:6      | 8083 ||| FLEEEEING.
  8084 | D:6      | 8084 ||| FLEEEEING.
  8085 | D:6      | 8085 ||| FLEEEEING.
  8086 | D:6      | 8086 ||| FLEEEEING.
  8087 | D:6      | 8087 ||| FLEEEEING.
  8088 | D:6      | 8088 ||| FLEEEEING.
  8089 | D:6      | 8089 ||| FLEEEEING.
  8090 | D:6      | 8090 ||| FLEEEEING.
  8091 | D:6      | 8091 ||| FLEEEEING.
  8092 | D:6      | 8092 ||| FLEEEEING.
  8093 | D:6      | 8093 ||| FLEEEEING.
  8094 | D:6      | 8094 ||| FLEEEEING.
  8095 | D:6      | 8095 ||| FLEEEEING.
  8096 | D:6      | 8096 ||| FLEEEEING.
  8377 | D:6      | 8377 ||| FLEEEEING.
  8378 | D:6      | 8378 ||| FLEEEEING.
  8379 | D:6      | 8379 ||| FLEEEEING.
  8380 | D:6      | 8380 ||| FLEEEEING.
  8381 | D:6      | 8381 ||| FLEEEEING.
  8382 | D:6      | 8382 ||| FLEEEEING.
  8383 | D:6      | 8383 ||| FLEEEEING.
  8384 | D:6      | 8384 ||| FLEEEEING.
  8385 | D:6      | 8385 ||| FLEEEEING.
  8386 | D:6      | 8386 ||| FLEEEEING.
  8528 | D:6      | 8528 ||| FLEEEEING.
  8529 | D:6      | 8529 ||| FLEEEEING.
  8530 | D:6      | 8530 ||| FLEEEEING.
  8531 | D:6      | 8531 ||| FLEEEEING.
  8532 | D:6      | 8532 ||| FLEEEEING.
  8533 | D:6      | 8533 ||| FLEEEEING.
  8534 | D:6      | 8534 ||| FLEEEEING.
  8535 | D:6      | 8535 ||| FLEEEEING.
  8536 | D:6      | 8536 ||| FLEEEEING.
  8537 | D:6      | 8537 ||| FLEEEEING.
  8538 | D:6      | 8538 ||| FLEEEEING.
  8539 | D:6      | 8539 ||| FLEEEEING.
  8744 | D:6      | 8744 ||| FLEEEEING.
  9008 | D:6      | 9008 ||| BUYING +1 pair of gloves of strength (198 gold).
  9008 | D:6      | Bought a +1 pair of gloves of strength for 198 gold pieces
  9008 | D:6      | 9008 ||| SHOPLISTING scarf of repulsion (144 gold, have 7).
  9008 | D:6      | 9008 ||| UPGRADING to +1 pair of gloves of strength.
  9018 | D:6      | 9018 ||| DROPPING +0 pair of gloves.
  9365 | D:7      | 9365 ||| READING scroll of brand weapon.
  9365 | D:7      | 9365 ||| BRANDING +0 vorpal war axe.
  9380 | D:7      | Reached skill level 1 in Throwing
  9461 | D:7      | Found a runed translucent gate.
  9461 | D:7      | Found a runed translucent gate.
  9461 | D:7      | Found a runed translucent gate.
  9510 | D:7      | Identified the +7 war axe "Mahaf" {pain, rN+ Str+2}
  9519 | D:7      | 9519 ||| SWAPPING to +7 war axe "Mahaf" {pain, rN+ Str+2}.
  9520 | D:7      | 9520 ||| DROPPING +0 spectral war axe.
  9605 | D:7      | Noticed Maggie
  9607 | D:7      | 9607 ||| Stepping ~*~*~tactically~*~*~ (hiding).
  9608 | D:7      | 9608 ||| Stepping ~*~*~tactically~*~*~ (hiding).
  9624 | D:7      | Killed Maggie
  9625 | D:7      | Reached skill level 9 in Axes
  9625 | D:7      | Gained mutation: You are completely covered in icy blue
                  | scales. (AC +4, rC+) [demonic ancestry]
  9625 | D:7      | Reached XP level 9. HP: 58/68 MP: 10/10
  9744 | D:7      | Noticed qw's ghost (novice DsCA)
  9761 | D:7      | 9761 ||| INVOKING Fiery Armour.
  9834 | D:7      | 9834 ||| DROPPING +3 whip of electrocution.
 10146 | D:7      | 10146 ||| READING 2 scrolls labelled RUORHEB VUCEPS.
 10147 | D:7      | 10147 ||| DRINKING 2 inky potions.
 10148 | D:7      | 10148 ||| READING 2 scrolls of identify.
 10148 | D:7      | 10148 ||| IDENTIFYING sapphire potion
 10149 | D:7      | 10149 ||| DROPPING potion of flight.
 10150 | D:7      | 10150 ||| DROPPING scroll of poison.
 10177 | D:8      | Reached skill level 6 in Fighting
 10284 | D:8      | 10284 ||| Stepping ~*~*~tactically~*~*~ (hiding).
 10497 | D:8      | 10497 ||| INVOKING Fiery Armour.
 10500 | D:8      | Reached skill level 10 in Axes
 10500 | D:8      | 10500 ||| FLEEEEING.
 10503 | D:8      | 10503 ||| FLEEEEING.
 10504 | D:8      | 10504 ||| FLEEEEING.
 10505 | D:8      | 10505 ||| FLEEEEING.
 10506 | D:8      | 10506 ||| FLEEEEING.
 10507 | D:8      | 10507 ||| FLEEEEING.
 10508 | D:8      | 10508 ||| FLEEEEING.
 10509 | D:8      | 10509 ||| FLEEEEING.
 10510 | D:8      | 10510 ||| FLEEEEING.
 10511 | D:8      | 10511 ||| FLEEEEING.
 10512 | D:8      | 10512 ||| FLEEEEING.
 10513 | D:8      | 10513 ||| FLEEEEING.
 10514 | D:8      | 10514 ||| FLEEEEING.
 10515 | D:8      | 10515 ||| FLEEEEING.
 10516 | D:8      | 10516 ||| FLEEEEING.
 10517 | D:8      | 10517 ||| FLEEEEING.
 10518 | D:8      | 10518 ||| FLEEEEING.
 10519 | D:8      | 10519 ||| FLEEEEING.
 10520 | D:8      | 10520 ||| FLEEEEING.
 10521 | D:8      | 10521 ||| FLEEEEING.
 10522 | D:8      | 10522 ||| FLEEEEING.
 10523 | D:8      | 10523 ||| STAIRDANCE
 10722 | D:7      | 10722 ||| UPGRADING to +0 shadow dragon scales.
 10732 | D:7      | 10732 ||| DROPPING +0 chain mail.
 10733 | D:7      | 10733 ||| DROPPING +0 swamp dragon scales.
 11059 | D:8      | Noticed a troll
 11060 | D:8      | 11060 ||| Stepping ~*~*~tactically~*~*~ (stealth).
 11066 | D:8      | 11066 ||| Stepping ~*~*~tactically~*~*~ (stealth).
 11082 | D:8      | Killed a troll
 11332 | D:8      | 11332 ||| PLANNING TEMPLE
 11332 | D:8      | 11332 ||| READING scroll labelled JORAOR YTZO.
 11409 | Temple   | Entered the Ecumenical Temple
 11413 | Temple   | 11413 ||| PLANNING CONVERSION TO OKAWARU
 11420 | Temple   | Fell from the grace of Ignis
 11420 | Temple   | Became a worshipper of Warmaster Okawaru
 11421 | Temple   | 11421 ||| PLANNING D:1-11
 11492 | D:9      | Noticed a troll
 11506 | D:9      | Killed a troll
 11508 | D:9      | HP: 15/71 [killer bee (7)]
 11509 | D:9      | 11509 ||| READING 2 scrolls of teleportation.
 11510 | D:9      | 11510 ||| DRINKING 6 potions of heal wounds.
 11662 | D:9      | 11662 ||| Stepping ~*~*~tactically~*~*~ (stealth).
 11666 | D:9      | 11666 ||| Stepping ~*~*~tactically~*~*~ (stealth).
 11668 | D:9      | Gained mutation: You may rarely emit foul miasma when
                  | damaged in melee. [demonic ancestry]
 11668 | D:9      | Reached XP level 10. HP: 79/79 MP: 11/11
 11669 | D:9      | 11669 ||| Stepping ~*~*~tactically~*~*~ (stealth).
 11680 | D:9      | Reached * piety under Okawaru
 11687 | D:9      | Reached skill level 1 in Invocations
 11705 | D:9      | 11705 ||| Stepping ~*~*~tactically~*~*~ (stealth).
 11723 | D:9      | 11723 ||| INVOKING Heroism.
 11920 | D:9      | 11920 ||| Stepping ~*~*~tactically~*~*~ (hiding).
 12024 | D:9      | Noticed an elephant
 12025 | D:9      | Found a staircase to the Lair.
 12027 | D:9      | 12027 ||| INVOKING Heroism.
 12031 | D:9      | Reached skill level 6 in Armour
 12033 | D:9      | Reached skill level 3 in Invocations
 12042 | D:9      | Killed an elephant
 12042 | D:9      | Reached ** piety under Okawaru
 12123 | D:9      | Found Byasidua's Assorted Antiques.
 12135 | D:9      | 12135 ||| SHOPLISTING glowing orb (288 gold, have 236).
 12135 | D:9      | 12135 ||| BUYING potion of heal wounds (120 gold).
 12135 | D:9      | Bought a potion of heal wounds for 120 gold pieces
 12135 | D:9      | 12135 ||| BUYING scroll labelled AVYTUO YLYRATI (24 gold).
 12135 | D:9      | Bought a scroll labelled AVYTUO YLYRATI for 24 gold pieces
 12362 | D:9      | 12362 ||| Stepping ~*~*~tactically~*~*~ (stealth).
 12364 | D:9      | 12364 ||| Stepping ~*~*~tactically~*~*~ (stealth).
 12428 | D:9      | Found a basalt altar of Yredelemnul.
 12429 | D:9      | Found a stormy altar of Qazlal.
 12527 | D:9      | 12527 ||| INVOKING Heroism.
 12527 | D:9      | HP: 16/79 [fire elemental[the fiery vengeance of Ignis]
                  | (14)]
 12528 | D:9      | 12528 ||| READING 3 scrolls of teleportation.
 12529 | D:9      | 12529 ||| DRINKING 6 potions of heal wounds.
 12784 | D:9      | 12784 ||| Stepping ~*~*~tactically~*~*~ (hiding).
 12886 | D:9      | 12886 ||| Stepping ~*~*~tactically~*~*~ (hiding).
 13113 | D:9      | Noticed a manticore
 13114 | D:9      | 13114 ||| Stepping ~*~*~tactically~*~*~ (hiding).
 13116 | D:9      | 13116 ||| Stepping ~*~*~tactically~*~*~ (hiding).
 13119 | D:9      | 13119 ||| INVOKING Heroism.
 13127 | D:9      | Killed a manticore
 13128 | D:9      | Reached skill level 11 in Axes
 13180 | D:9      | You fall into a shaft and drop 3 floors!
 13285 | D:12     | Found the dreamshard necklace {*Dream Drain}
 13286 | D:12     | 13286 ||| Stepping ~*~*~tactically~*~*~ (stealth).
 13288 | D:12     | 13288 ||| Stepping ~*~*~tactically~*~*~ (stealth).
 13328 | D:12     | Noticed a cyan ugly thing
 13340 | D:12     | 13340 ||| INVOKING Heroism.
 13345 | D:12     | Killed a cyan ugly thing
 13345 | D:12     | Reached *** piety under Okawaru
 13475 | D:12     | Identified the +5 plate armour of the Blacksmith {*Corrode
                  | rF+ Slay+5}
 13496 | D:12     | 13496 ||| INVOKING Heroism.
 13497 | D:12     | Noticed a six-headed hydra
 13499 | D:12     | 13499 ||| SWAPPING to +0 flail.
 13502 | D:12     | 13502 ||| Stepping ~*~*~tactically~*~*~ (outnumbered).
 13503 | D:12     | 13503 ||| Stepping ~*~*~tactically~*~*~ (outnumbered).
 13517 | D:12     | Killed a six-headed hydra
 13518 | D:12     | 13518 ||| INVOKING Heroism.
 13519 | D:12     | 13519 ||| SWAPPING to +7 war axe "Mahaf" {pain, rN+ Str+2}.
 13523 | D:12     | HP: 19/80 [troll (7)]
 13524 | D:12     | 13524 ||| READING 2 scrolls of teleportation.
 13525 | D:12     | 13525 ||| DRINKING 5 potions of heal wounds.
 13572 | D:12     | Gained mutation: You sometimes emit foul miasma when
                  | damaged in melee. [demonic ancestry]
 13572 | D:12     | Reached XP level 11. HP: 44/86 MP: 14/14
 13574 | D:12     | You fall into a shaft and drop 1 floor!
 13592 | D:13     | Noticed a centaur warrior
 13593 | D:13     | 13593 ||| Stepping ~*~*~tactically~*~*~ (stealth).
 13598 | D:13     | 13598 ||| Stepping ~*~*~tactically~*~*~ (stealth).
 13599 | D:13     | 13599 ||| Stepping ~*~*~tactically~*~*~ (stealth).
 13616 | D:13     | 13616 ||| Stepping ~*~*~tactically~*~*~ (stealth).
 13622 | D:13     | 13622 ||| Stepping ~*~*~tactically~*~*~ (stealth).
 13625 | D:13     | 13625 ||| Stepping ~*~*~tactically~*~*~ (stealth).
 13636 | D:13     | 13636 ||| Stepping ~*~*~tactically~*~*~ (stealth).
 13637 | D:13     | 13637 ||| Stepping ~*~*~tactically~*~*~ (stealth).
 13643 | D:13     | 13643 ||| INVOKING Heroism.
 13649 | D:13     | Killed a centaur warrior
 13681 | D:13     | You fall into a shaft and drop 2 floors!
 13681 | D:15     | Entered Level 15 of the Dungeon
 13792 | D:15     | Noticed a centaur warrior
 13797 | D:15     | Reached **** piety under Okawaru
 13798 | D:15     | Reached skill level 12 in Axes
 13804 | D:15     | Killed a centaur warrior
 13947 | D:15     | Found Deull's Pet Rocks.
 13974 | D:15     | 13974 ||| INVOKING Heroism.
 13984 | D:15     | Reached skill level 6 in Invocations
 14240 | D:15     | 14240 ||| DROPPING +0 flail.
 14287 | D:15     | Noticed a fire dragon
 14288 | D:15     | 14288 ||| Stepping ~*~*~tactically~*~*~ (hiding).
 14390 | D:15     | 14390 ||| Stepping ~*~*~tactically~*~*~ (hiding).
 14423 | D:15     | 14423 ||| INVOKING Heroism.
 14598 | D:15     | 14598 ||| Stepping ~*~*~tactically~*~*~ (hiding).
 14700 | D:15     | 14700 ||| Stepping ~*~*~tactically~*~*~ (hiding).
 14704 | D:15     | 14704 ||| INVOKING Heroism.
 14712 | D:15     | Noticed an ice dragon
 14718 | D:15     | HP: 18/86 [fire dragon (11)]
 14719 | D:15     | 14719 ||| READING scroll of teleportation.
 14720 | D:15     | 14720 ||| DRINKING 4 potions of heal wounds.
 14918 | D:15     | 14918 ||| UPGRADING to +5 plate armour of the Blacksmith
                  | {*Corrode rF+ Slay+5}.
 14928 | D:15     | 14928 ||| DROPPING +0 shadow dragon scales.
 14929 | D:15     | 14929 ||| UPGRADING to +6 ring of dexterity.
 14930 | D:15     | 14930 ||| READING scroll labelled AVYTUO YLYRATI.
 14931 | D:15     | 14931 ||| READING scroll labelled MOEPOPSOUTS.
 14931 | D:15     | Noticed a five-headed hydra
 14932 | D:15     | 14932 ||| INVOKING Heroism.
 14935 | D:15     | 14935 ||| READING 4 scrolls of identify.
 14935 | D:15     | 14935 ||| IDENTIFYING smoky pink potion
 14936 | D:15     | 14936 ||| SWAPPING to +0 morningstar.
 14943 | D:15     | Killed a five-headed hydra
 14944 | D:15     | 14944 ||| SWAPPING to +7 war axe "Mahaf" {pain, rN+ Str+2}.
 15000 | D:15     | 15000 ||| DRINKING potion of experience.
 15000 | D:15     | Reached skill level 13 in Axes
 15000 | D:15     | Gained mutation: You have sharp fingernails. [demonic
                  | ancestry]
 15000 | D:15     | Reached XP level 12. HP: 92/92 MP: 16/19
 15001 | D:15     | 15001 ||| READING 3 scrolls of identify.
 15001 | D:15     | 15001 ||| IDENTIFYING glowing blue potion
 15002 | D:15     | 15002 ||| DROPPING potion of lignification.
 15011 | D:14     | Noticed a centaur warrior
 15013 | D:14     | 15013 ||| INVOKING Heroism.
 15019 | D:14     | HP: 21/92 [centaur warrior/arrow (3)]
 15020 | D:14     | 15020 ||| DRINKING 3 potions of heal wounds.
 15030 | D:14     | Killed a centaur warrior
 15244 | D:14     | You fall into a shaft and drop 1 floor!
 15349 | D:15     | Noticed a two-headed ogre
 15351 | D:15     | Noticed an ogre mage
 15352 | D:15     | 15352 ||| INVOKING Heroism.
 15353 | D:15     | Noticed a two-headed ogre
 15353 | D:15     | Noticed a two-headed ogre
 15354 | D:15     | Killed a two-headed ogre
 15354 | D:15     | Reached ***** piety under Okawaru
 15354 | D:15     | Noticed a two-headed ogre
 15355 | D:15     | Reached skill level 9 in Fighting
 15355 | D:15     | Noticed a two-headed ogre
 15356 | D:15     | Noticed a two-headed ogre
 15359 | D:15     | Killed a two-headed ogre
 15361 | D:15     | Killed an ogre mage
 15361 | D:15     | Killed a two-headed ogre
 15368 | D:15     | Killed a two-headed ogre
 15368 | D:15     | Killed a two-headed ogre
 15369 | D:15     | Killed a two-headed ogre
 15513 | D:15     | 15513 ||| INVOKING Heroism.
 15766 | D:14     | Was forgiven by Ignis
 15891 | D:13     | 15891 ||| Stepping ~*~*~tactically~*~*~ (hiding).
 15899 | D:13     | 15899 ||| Stepping ~*~*~tactically~*~*~ (stealth).
 16050 | D:13     | 16050 ||| INVOKING Heroism.
 16077 | D:13     | 16077 ||| Stepping ~*~*~tactically~*~*~ (stealth).
 16089 | D:13     | Received a gift from Okawaru
 16231 | D:13     | 16231 ||| Stepping ~*~*~tactically~*~*~ (hiding).
 16232 | D:13     | 16232 ||| Stepping ~*~*~tactically~*~*~ (hiding).
 16286 | D:13     | 16286 ||| UPGRADING to +0 buckler.
 16346 | D:12     | Reached skill level 1 in Shields
 16346 | D:12     | Gained mutation: You have very sharp fingernails. [demonic
                  | ancestry]
 16346 | D:12     | Reached XP level 13. HP: 101/101 MP: 20/20
 16488 | D:10     | Entered Level 10 of the Dungeon
 16971 | D:9      | 16971 ||| PLANNING LAIR
 17052 | Lair:1   | Entered Level 1 of the Lair of Beasts
 17143 | Lair:1   | Noticed Gastronok
 17144 | Lair:1   | 17144 ||| INVOKING Heroism.
 17163 | Lair:1   | Killed Gastronok
 17164 | Lair:1   | Reached skill level 3 in Shields
 17336 | Lair:1   | 17336 ||| INVOKING Heroism.
 17507 | Lair:1   | 17507 ||| INVOKING Heroism.
 17682 | Lair:1   | 17682 ||| INVOKING Heroism.
 17753 | Lair:1   | 17753 ||| INVOKING Heroism.
 18270 | Lair:1   | 18270 ||| READING 4 scrolls of identify.
 18270 | Lair:1   | 18270 ||| IDENTIFYING amethyst potion
 18271 | Lair:1   | 18271 ||| DROPPING potion of berserk rage.
 18322 | Lair:2   | 18322 ||| INVOKING Heroism.
 18529 | Lair:2   | Found a staircase to the Snake Pit.
 18530 | Lair:2   | 18530 ||| Stepping ~*~*~tactically~*~*~ (hiding).
 18639 | Lair:2   | 18639 ||| Stepping ~*~*~tactically~*~*~ (stealth).
 18641 | Lair:2   | 18641 ||| INVOKING Heroism.
 18644 | Lair:2   | Reached skill level 14 in Axes
 18698 | Lair:2   | 18698 ||| INVOKING Heroism.
 18699 | Lair:2   | 18699 ||| Stepping ~*~*~tactically~*~*~ (cloud).
 18700 | Lair:2   | 18700 ||| INVOKING Finesse.
 18709 | Lair:2   | Received a gift from Okawaru
 18795 | Lair:2   | 18795 ||| INVOKING Heroism.
 18796 | Lair:2   | 18796 ||| INVOKING Finesse.
 18930 | Lair:2   | Found a staircase to the Shoals.
 19316 | Lair:2   | 19316 ||| UPGRADING to +6 ring of strength.
 19318 | Lair:2   | 19318 ||| READING 5 scrolls of identify.
 19318 | Lair:2   | 19318 ||| IDENTIFYING silvery potion
 19319 | Lair:2   | 19319 ||| DROPPING potion of ambrosia.
 19440 | Lair:3   | Noticed Amaemon
 19441 | Lair:3   | 19441 ||| INVOKING Heroism.
 19462 | Lair:3   | Killed Amaemon
 19465 | Lair:3   | 19465 ||| DROPPING +0 morningstar.
 19502 | Lair:3   | 19502 ||| INVOKING Heroism.
 19503 | Lair:3   | 19503 ||| SWAPPING to -1 demon whip of venom.
 19504 | Lair:3   | 19504 ||| INVOKING Finesse.
 19515 | Lair:3   | 19515 ||| SWAPPING to +7 war axe "Mahaf" {pain, rN+ Str+2}.
 19764 | Lair:3   | 19764 ||| Stepping ~*~*~tactically~*~*~ (stealth).
 19811 | Lair:3   | Reached skill level 15 in Axes
 19910 | Lair:3   | You fall into a shaft and drop 1 floor!
 20171 | Lair:3   | Reached skill level 9 in Armour
 20453 | Lair:4   | 20453 ||| INVOKING Heroism.
 20454 | Lair:4   | 20454 ||| Stepping ~*~*~tactically~*~*~ (stealth).
 20455 | Lair:4   | 20455 ||| Stepping ~*~*~tactically~*~*~ (stealth).
 20470 | Lair:4   | 20470 ||| INVOKING Heroism.
 20600 | Lair:4   | 20600 ||| INVOKING Heroism.
 20601 | Lair:4   | 20601 ||| INVOKING Finesse.
 20603 | Lair:4   | 20603 ||| Stepping ~*~*~tactically~*~*~ (cloud).
 20663 | Lair:4   | Gained mutation: Your presence sometimes corrodes those you
                  | injure. [demonic ancestry]
 20663 | Lair:4   | Reached XP level 14. HP: 110/110 MP: 21/21
 20690 | Lair:4   | Received a gift from Okawaru
 20692 | Lair:4   | 20692 ||| SWAPPING to +0 broad axe of venom.
 20693 | Lair:4   | 20693 ||| DROPPING +7 war axe "Mahaf" {pain, rN+ Str+2}.
 20694 | Lair:4   | Found a shimmering altar of Xom.
 21048 | Lair:4   | Noticed Josephine
 21061 | Lair:4   | Killed Josephine
 21227 | Lair:4   | 21227 ||| INVOKING Heroism.
 21233 | Lair:4   | Reached skill level 16 in Axes
 21440 | Lair:5   | Entered Level 5 of the Lair of Beasts
 21441 | Lair:5   | 21441 ||| PLANNING GAUNTLET
 21442 | Lair:5   | 21442 ||| INVOKING Heroism.
 21446 | Lair:5   | 21446 ||| STAIRDANCE
 21474 | Lair:5   | 21474 ||| STAIRDANCE
 21645 | Lair:5   | 21645 ||| INVOKING Heroism.
 21646 | Lair:5   | 21646 ||| INVOKING Finesse.
 21649 | Lair:5   | 21649 ||| SWAPPING to -1 demon whip of venom.
 21662 | Lair:5   | 21662 ||| SWAPPING to +0 broad axe of venom.
 21733 | Lair:5   | Identified the +2 flail of Nemelex Xobeh's Hope {venom,
                  | *Corrode rElec Int+4 SInv}
 21736 | Lair:5   | 21736 ||| Stepping ~*~*~tactically~*~*~ (stealth).
 21743 | Lair:5   | 21743 ||| INVOKING Heroism.
 21802 | Lair:5   | Reached skill level 6 in Shields
 21874 | Lair:5   | Found a staircase to the Slime Pits.
 22010 | Lair:5   | 22010 ||| RIP GAUNTLET
 22038 | Lair:5   | 22038 ||| PLANNING LAIR
 22055 | Lair:5   | 22055 ||| Stepping ~*~*~tactically~*~*~ (stealth).
 22056 | Lair:5   | 22056 ||| Stepping ~*~*~tactically~*~*~ (stealth).
 22058 | Lair:5   | 22058 ||| Stepping ~*~*~tactically~*~*~ (stealth).
 22189 | Lair:5   | 22189 ||| INVOKING Heroism.
 22190 | Lair:5   | 22190 ||| INVOKING Finesse.
 22192 | Lair:5   | 22192 ||| SWAPPING to -1 demon whip of venom.
 22200 | Lair:5   | 22200 ||| SWAPPING to +0 broad axe of venom.
 22310 | Lair:5   | 22310 ||| Stepping ~*~*~tactically~*~*~ (stealth).
 22311 | Lair:5   | 22311 ||| Stepping ~*~*~tactically~*~*~ (stealth).
 22314 | Lair:5   | 22314 ||| Stepping ~*~*~tactically~*~*~ (stealth).
 22315 | Lair:5   | 22315 ||| Stepping ~*~*~tactically~*~*~ (stealth).
 22319 | Lair:5   | 22319 ||| INVOKING Heroism.
 22382 | Lair:5   | 22382 ||| INVOKING Heroism.
 22383 | Lair:5   | 22383 ||| Stepping ~*~*~tactically~*~*~ (stealth).
 22389 | Lair:5   | 22389 ||| SWAPPING to -1 demon whip of venom.
 22390 | Lair:5   | 22390 ||| INVOKING Finesse.
 22399 | Lair:5   | Received a gift from Okawaru
 22407 | Lair:5   | 22407 ||| SWAPPING to +0 broad axe of venom.
 22474 | Lair:5   | 22474 ||| INVOKING Heroism.
 22475 | Lair:5   | 22475 ||| INVOKING Finesse.
 22477 | Lair:5   | 22477 ||| SWAPPING to -1 demon whip of venom.
 22485 | Lair:5   | Reached skill level 3 in Throwing
 22485 | Lair:5   | 22485 ||| SWAPPING to +0 broad axe of venom.
 22639 | Lair:5   | Received a gift from Okawaru
 22647 | Lair:5   | 22647 ||| INVOKING Heroism.
 22648 | Lair:5   | 22648 ||| SWAPPING to -1 demon whip of venom.
 22649 | Lair:5   | 22649 ||| INVOKING Finesse.
 22655 | Lair:5   | 22655 ||| SWAPPING to +0 broad axe of venom.
 22658 | Lair:5   | 22658 ||| SWAPPING to -1 demon whip of venom.
 22663 | Lair:5   | 22663 ||| SWAPPING to +0 broad axe of venom.
 22730 | Lair:5   | 22730 ||| Stepping ~*~*~tactically~*~*~ (hiding).
 22843 | Lair:5   | Found a burning altar of Makhleb.
 22844 | Lair:5   | 22844 ||| Stepping ~*~*~tactically~*~*~ (hiding).
 22858 | Lair:5   | 22858 ||| INVOKING Heroism.
 22859 | Lair:5   | 22859 ||| INVOKING Finesse.
 23021 | Lair:5   | Found a gateway to Hell.
 23028 | Lair:5   | Identified the +0 cloak "Houpsui" {rF+ Int+3}
 23142 | Lair:5   | 23142 ||| PLANNING D:1-11
 23142 | Lair:5   | 23142 ||| UPGRADING to +0 cloak "Houpsui" {rF+ Int+3}.
 23154 | Lair:5   | 23154 ||| DROPPING ring of ice.
 23155 | Lair:5   | 23155 ||| DROPPING ring of resist corrosion.
 23156 | Lair:5   | 23156 ||| DROPPING ring of positive energy.
 23161 | Lair:5   | 23161 ||| UPGRADING to +4 ring of protection.
 23163 | Lair:5   | 23163 ||| DROPPING +6 ring of dexterity.
 23164 | Lair:5   | 23164 ||| READING 5 scrolls of identify.
 23164 | Lair:5   | 23164 ||| IDENTIFYING glowing white potion
 23277 | D:10     | Received a gift from Okawaru
 23325 | D:10     | Found a sparkling altar of Nemelex Xobeh.
 23326 | D:10     | Found a broken altar of Ashenzari.
 23819 | D:10     | 23819 ||| READING scroll of enchant armour.
 23819 | D:10     | 23819 ||| ENCHANTING +1 pair of gloves of strength.
 23829 | D:10     | 23829 ||| Stepping ~*~*~tactically~*~*~ (hiding).
 23830 | D:10     | 23830 ||| Stepping ~*~*~tactically~*~*~ (hiding).
 23832 | D:10     | 23832 ||| Stepping ~*~*~tactically~*~*~ (hiding).
 23872 | D:10     | 23872 ||| Stepping ~*~*~tactically~*~*~ (stealth).
 23873 | D:10     | 23873 ||| Stepping ~*~*~tactically~*~*~ (stealth).
 23878 | D:10     | 23878 ||| INVOKING Heroism.
 23955 | D:10     | 23955 ||| INVOKING Heroism.
 23995 | D:10     | Noticed Psyche
 24011 | D:10     | Killed Psyche
 24460 | D:11     | 24460 ||| INVOKING Heroism.
 24463 | D:11     | 24463 ||| Stepping ~*~*~tactically~*~*~ (stealth).
 24676 | D:11     | 24676 ||| Stepping ~*~*~tactically~*~*~ (hiding).
 24678 | D:11     | 24678 ||| Stepping ~*~*~tactically~*~*~ (hiding).
 24817 | D:11     | 24817 ||| Stepping ~*~*~tactically~*~*~ (stealth).
 24826 | D:11     | 24826 ||| DRINKING 8 potions of curing.
 24826 | D:11     | 24826 ||| (to cure confusion)
 25042 | D:11     | 25042 ||| INVOKING Heroism.
 25426 | D:11     | 25426 ||| PLANNING D
 25468 | D:12     | 25468 ||| Stepping ~*~*~tactically~*~*~ (stealth).
 25472 | D:12     | 25472 ||| Stepping ~*~*~tactically~*~*~ (stealth).
 25478 | D:12     | 25478 ||| INVOKING Heroism.
 25485 | D:12     | Reached skill level 17 in Axes
 25490 | D:12     | Reached XP level 15. HP: 108/118 MP: 20/22
 25615 | D:12     | 25615 ||| Stepping ~*~*~tactically~*~*~ (stealth).
 25829 | D:12     | Found a staircase to the Orcish Mines.
 25836 | D:12     | 25836 ||| Stepping ~*~*~tactically~*~*~ (stealth).
 25839 | D:12     | 25839 ||| Stepping ~*~*~tactically~*~*~ (stealth).
 25886 | D:12     | 25886 ||| Stepping ~*~*~tactically~*~*~ (hiding).
 25892 | D:12     | 25892 ||| INVOKING Heroism.
 25893 | D:12     | 25893 ||| SWAPPING to -1 demon whip of venom.
 25894 | D:12     | 25894 ||| INVOKING Finesse.
 25900 | D:12     | 25900 ||| SWAPPING to +0 broad axe of venom.
 26412 | D:13     | 26412 ||| Stepping ~*~*~tactically~*~*~ (hiding).
 26769 | D:14     | Reached skill level 6 in Throwing
 26914 | D:14     | 26914 ||| INVOKING Heroism.
 26946 | D:14     | 26946 ||| INVOKING Heroism.
 26947 | D:14     | 26947 ||| SWAPPING to -1 demon whip of venom.
 26948 | D:14     | 26948 ||| INVOKING Finesse.
 26955 | D:14     | 26955 ||| SWAPPING to +0 broad axe of venom.
 27059 | D:14     | 27059 ||| Stepping ~*~*~tactically~*~*~ (stealth).
 27104 | D:14     | Found a gate to the Vaults.
 27105 | D:14     | 27105 ||| Stepping ~*~*~tactically~*~*~ (hiding).
 27117 | Abyss:2  | Cast into level 2 of the Abyss (a wizard)
 27120 | Abyss:2  | 27120 ||| Stepping ~*~*~tactically~*~*~ (stealth).
 27142 | Abyss:2  | 27142 ||| Stepping ~*~*~tactically~*~*~ (stealth).
 27144 | Abyss:2  | 27144 ||| Stepping ~*~*~tactically~*~*~ (stealth).
 27146 | Abyss:2  | 27146 ||| Stepping ~*~*~tactically~*~*~ (hiding).
 27148 | Abyss:2  | 27148 ||| Stepping ~*~*~tactically~*~*~ (hiding).
 27150 | Abyss:2  | 27150 ||| Stepping ~*~*~tactically~*~*~ (hiding).
 27227 | Abyss:2  | 27227 ||| Stepping ~*~*~tactically~*~*~ (stealth).
 27234 | Abyss:2  | 27234 ||| INVOKING Heroism.
 27249 | Abyss:2  | 27249 ||| DRINKING 8 potions of curing.
 27249 | Abyss:2  | 27249 ||| (to cure confusion)
 27253 | Abyss:2  | 27253 ||| DRINKING 7 potions of curing.
 27253 | Abyss:2  | 27253 ||| (to cure confusion)
 27254 | Abyss:2  | 27254 ||| DRINKING 6 potions of curing.
 27254 | Abyss:2  | 27254 ||| (to cure confusion)
 27255 | Abyss:2  | 27255 ||| DRINKING 5 potions of curing.
 27255 | Abyss:2  | 27255 ||| (to cure confusion)
 27256 | Abyss:2  | 27256 ||| DRINKING 4 potions of curing.
 27256 | Abyss:2  | 27256 ||| (to cure confusion)
 27257 | Abyss:2  | 27257 ||| DRINKING 3 potions of curing.
 27257 | Abyss:2  | 27257 ||| (to cure confusion)
 27258 | Abyss:2  | 27258 ||| DRINKING 2 potions of curing.
 27258 | Abyss:2  | 27258 ||| (to cure confusion)
 27260 | Abyss:2  | 27260 ||| DRINKING potion of curing.
 27260 | Abyss:2  | 27260 ||| (to cure confusion)
 27309 | Abyss:2  | Noticed a bone dragon
 27333 | Abyss:2  | 27333 ||| INVOKING Heroism.
 27342 | Abyss:2  | HP: 29/118 [bone dragon (12)]
 27343 | Abyss:2  | 27343 ||| READING 6 scrolls of teleportation.
 27344 | Abyss:2  | 27344 ||| DRINKING 5 potions of heal wounds.
 27349 | Abyss:2  | Killed a bone dragon
 27349 | Abyss:2  | Received a gift from Okawaru
 27364 | Abyss:2  | Noticed a lich
 27364 | Abyss:2  | 27364 ||| Stepping ~*~*~tactically~*~*~ (stealth).
 27366 | Abyss:2  | 27366 ||| Stepping ~*~*~tactically~*~*~ (stealth).
 27367 | Abyss:2  | 27367 ||| INVOKING Finesse.
 27377 | Abyss:2  | Killed a lich
 27431 | Abyss:2  | 27431 ||| INVOKING Heroism.
 27456 | Abyss:2  | 27456 ||| Stepping ~*~*~tactically~*~*~ (stealth).
 27534 | Abyss:2  | 27534 ||| INVOKING Heroism.
 27589 | Abyss:2  | Received a gift from Okawaru
 27600 | Abyss:2  | 27600 ||| Stepping ~*~*~tactically~*~*~ (stealth).
 27617 | Abyss:2  | 27617 ||| Stepping ~*~*~tactically~*~*~ (stealth).
 27624 | Abyss:2  | 27624 ||| Stepping ~*~*~tactically~*~*~ (stealth).
 27627 | Abyss:2  | 27627 ||| INVOKING Heroism.
 27653 | Abyss:2  | Gained mutation: You are weak. (Str -2) [a neqoxec]
 27752 | Abyss:2  | Reached skill level 18 in Axes
 27754 | Abyss:2  | 27754 ||| Stepping ~*~*~tactically~*~*~ (stealth).
 27777 | Abyss:2  | 27777 ||| Stepping ~*~*~tactically~*~*~ (stealth).
 27778 | Abyss:2  | 27778 ||| Stepping ~*~*~tactically~*~*~ (stealth).
 27825 | Abyss:2  | 27825 ||| Stepping ~*~*~tactically~*~*~ (stealth).
 27844 | Abyss:2  | 27844 ||| INVOKING Heroism.
 27882 | D:14     | Escaped the Abyss
 27883 | D:14     | 27883 ||| INVOKING Heroism.
 28157 | D:14     | 28157 ||| Stepping ~*~*~tactically~*~*~ (hiding).
 28259 | D:14     | Noticed Louise
 28260 | D:14     | 28260 ||| INVOKING Heroism.
 28261 | D:14     | 28261 ||| INVOKING Finesse.
 28276 | D:14     | Killed Louise
 28310 | D:14     | 28310 ||| DROPPING -1 demon whip of venom.
 28416 | D:14     | 28416 ||| UPGRADING to +0 tower shield.
 28426 | D:14     | 28426 ||| DROPPING +0 buckler.
 28427 | D:14     | 28427 ||| DROPPING amulet of guardian spirit.
 28458 | D:15     | Found a portal to a secret trove of treasure.
 28528 | D:15     | 28528 ||| INVOKING Heroism.
 28595 | D:15     | 28595 ||| Stepping ~*~*~tactically~*~*~ (hiding).
 28599 | D:15     | 28599 ||| INVOKING Heroism.
 28709 | D:15     | Found a staircase to the Depths.
 28770 | D:15     | 28770 ||| INVOKING Heroism.
 29136 | D:15     | Found a sacrificial altar of Ru.
 29404 | D:15     | 29404 ||| FLEEEEING.
 29405 | D:15     | 29405 ||| FLEEEEING.
 29407 | D:15     | 29407 ||| FLEEEEING.
 29408 | D:15     | 29408 ||| FLEEEEING.
 29409 | D:15     | 29409 ||| FLEEEEING.
 29410 | D:15     | 29410 ||| FLEEEEING.
 29411 | D:15     | 29411 ||| FLEEEEING.
 29412 | D:15     | 29412 ||| FLEEEEING.
 29413 | D:15     | 29413 ||| FLEEEEING.
 29428 | D:15     | 29428 ||| FLEEEEING.
 29429 | D:15     | 29429 ||| FLEEEEING.
 29444 | D:15     | 29444 ||| STAIRDANCE
 29787 | D:15     | 29787 ||| PLANNING ORC
 29913 | Orc:1    | Entered Level 1 of the Orcish Mines
 29926 | Orc:1    | 29926 ||| Stepping ~*~*~tactically~*~*~ (hiding).
 29927 | Orc:1    | 29927 ||| Stepping ~*~*~tactically~*~*~ (hiding).
 29930 | Orc:1    | 29930 ||| INVOKING Heroism.
 30139 | Orc:2    | Entered Level 2 of the Orcish Mines
 30140 | Orc:2    | 30140 ||| INVOKING Heroism.
 30141 | Orc:2    | 30141 ||| STAIRDANCE
 30179 | Orc:2    | 30179 ||| Stepping ~*~*~tactically~*~*~ (hiding).
 30180 | Orc:2    | 30180 ||| Stepping ~*~*~tactically~*~*~ (hiding).
 30181 | Orc:2    | 30181 ||| Stepping ~*~*~tactically~*~*~ (hiding).
 30302 | Orc:2    | 30302 ||| Stepping ~*~*~tactically~*~*~ (hiding).
 30303 | Orc:2    | 30303 ||| INVOKING Heroism.
 30504 | Orc:2    | 30504 ||| INVOKING Heroism.
 30702 | Orc:2    | 30702 ||| Stepping ~*~*~tactically~*~*~ (hiding).
 30703 | Orc:2    | 30703 ||| Stepping ~*~*~tactically~*~*~ (hiding).
 30704 | Orc:2    | 30704 ||| Stepping ~*~*~tactically~*~*~ (hiding).
 30801 | Orc:2    | 30801 ||| INVOKING Heroism.
 30812 | Orc:2    | Received a gift from Okawaru
 30889 | Orc:2    | 30889 ||| Stepping ~*~*~tactically~*~*~ (stealth).
 30903 | Orc:2    | 30903 ||| Stepping ~*~*~tactically~*~*~ (hiding).
 30908 | Orc:2    | 30908 ||| INVOKING Heroism.
 30921 | Orc:2    | HP: 23/119 [orc knight/+0 long sword (10)]
 30922 | Orc:2    | 30922 ||| READING 5 scrolls of teleportation.
 30922 | Orc:2    | Paralysed by an orc sorcerer for 4 turns
 30923 | Orc:2    | HP: 11/119 [orc knight/+0 battleaxe (12)]
 30924 | Orc:2    | HP: 1/119 [orc warrior/+2 vorpal halberd (11)]
 30924 | Orc:2    | Slain by an orc warrior

Levels and vault maps discovered:
D:1:      psy_arrival_statuary, layout_loops_ring,
          chequers_serial_rivers_micro_a
D:2:      layout_loops_ring, nicolae_elevator_lobby_plus, uniq_sigmund,
          uniq_natasha, uniq_jessica, uniq_crazy_yiuf_cottage
D:3:      layout_basic
D:4:      layout_basic, serial_shops, nicolae_shop_window_shopping,
          gammafunk_ghost_mausoleum, uniq_robin
D:5:      layout_basic, cheibrodos_gnoll_hut, uniq_ijyb
D:6:      layout_loops_ring, minmay_temple_entry_wispy, serial_shops,
          nicolae_inconvenience_store, uniq_menkaure
D:7:      layout_layer_cave, ebering_ghost_rock_garden,
          minmay_misc_feat_pillars, minmay_misc_feat_hallway,
          nicolae_grassy_gnolls, uniq_maggie
D:8:      cheibrodos_quashed, layout_cave_pods, serial_glass, glass_columns_a,
          glass_columns_c, glass_columns_a, glass_columns_b, glass_columns_b,
          glass_columns_a, item_on_display_a
D:9:      layout_layer_cave, nicolae_overflow_squiral, david_lair_generic,
          serial_shops, nicolae_lakefront_shop, grunt_ministairs_1,
          kennysheep_generic_room_5
D:10:     minmay_distorted_concentric_squares, layout_irregular_city,
          mainiacjoe_overflow_alcove_3, hangedman_tell_no_tales, uniq_psyche
D:11:     layout_small_grid, serial_bayou, serial_bayou_pond_d,
          serial_bayou_shore_b, serial_bayou_pond_c, serial_bayou_ford_a
D:12:     layout_loops_ring, david_orc_1_choice
D:13:     layout_loops_ring
D:14:     layout_irregular_city, david_vaults_1, serial_column_ruins,
          column_ruins_square_large, column_ruins_open_tiny,
          column_ruins_grid_1, column_ruins_columns_corner, column_ruins_grid_3,
          zin_angel, uniq_louise
D:15:     grunt_enter_depths_hoard, layout_loops_corners,
          nicolae_ru_the_path_less_chosen, enter_trove_1, guppyfry_shop_earth
Temple:   lightli_temple_of_artemis
Lair:1:   layout_layer_cave, uniq_gastronok
Lair:2:   layout_roguey, elwin_shoals_entry_rooms, guppyfry_snake_entry_garden
Lair:3:   layout_concentric_octagons, chequers_serial_rivers_micro_b,
          uniq_amaemon
Lair:4:   layout_regular_city, basic_altar, serial_bayou_shore_a, uniq_josephine
Lair:5:   evil_forest, layout_regular_city, slime_entry_1,
          gauntlet_entry_generic
Orc:1:    layout_caves
Orc:2:    grunt_orc_tribal_feast, layout_caves

Skill      XL: |  1  2  3  4  5  6  7  8  9 10 11 12 13 14 15 |
---------------+----------------------------------------------+-----
Axes           | 3 4 5 6 9 10 11 13 15 17 18 | 18.0
Dodging        | 3 4 |  4.0
Armour         | 1 3 5 6 7 8 9 10 | 10.0
Fighting       | 4 5 7 8 9 10 11 | 11.6
Throwing       | 1 2 5 6 |  6.0
Invocations    | 4 10 | 10.4
Shields        | 1 5 6 8 |  8.2
Spellcasting   | |  1.0
Fire Magic     | |  2.6

Action                   |  1- 3 |  4- 6 |  7- 9 | 10-12 | 13-15 || total
-------------------------+-------+-------+-------+-------+-------++-------
Melee: Hand axe          |    95 |   156 |       |       |       ||   251
       War axe           |       |    19 |   299 |   271 |   263 ||   852
       Punch             |       |     3 |     6 |     4 |       ||    13
       Flail             |       |       |       |    16 |       ||    16
       Morningstar       |       |       |       |     6 |       ||     6
       Demon whip        |       |       |       |       |    65 ||    65
       Broad axe         |       |       |       |       |   775 ||   775
       Unarmed           |       |       |       |       |     4 ||     4
Throw: Boomerang         |       |     2 |    30 |    35 |   117 ||   184
       Javelin           |       |       |       |       |    63 ||    63
Invok: Fiery Armour      |     3 |     4 |     5 |       |       ||    12
       Heroism           |       |       |       |    16 |    49 ||    65
       Finesse           |       |       |       |       |    14 ||    14
  Use: Scroll            |     3 |     9 |     9 |     7 |     6 ||    34
       Potion            |     1 |     1 |     4 |     5 |    10 ||    21
 Stab: Petrified         |       |       |       |       |     6 ||     6
       Petrifying        |       |       |       |       |     4 ||     4
Armor: Robe              |    19 |    12 |       |       |       ||    31
       Ring mail         |       |    49 |    31 |       |       ||    80
       Chain mail        |       |       |   158 |       |       ||   158
       Shadow dragon sca |       |       |    66 |   216 |       ||   282
       Plate armour      |       |       |       |    91 |   592 ||   683
Dodge: Dodged            |    46 |    66 |   131 |   130 |   250 ||   623
Block: Other             |     4 |    25 |    69 |    48 |       ||   146
       Buckler           |       |       |       |     1 |   280 ||   281
       Tower shield      |       |       |       |       |   132 ||   132

Table legend:
 A = Non-vault XP
 B = Vault XP
 C = Vault XP percentage of total XP
 D = Non-vault monster count
 E = Vault monster count
 F = Vault count percentage of total count
                 A         B        C        D         E       F
            +---------+---------+-------+---------+---------+-------
      Total |   93752 |   34822 |  27.1 |     437 |     132 |  23.2
            +---------+---------+-------+---------+---------+-------
        D:1 |      39 |       0 |   0.0 |      22 |       0 |   0.0
        D:2 |      99 |     315 |  76.1 |      18 |       3 |  14.3
        D:3 |     138 |       0 |   0.0 |      23 |       0 |   0.0
        D:4 |      47 |      34 |  42.0 |      16 |      11 |  40.7
        D:5 |     472 |     133 |  22.0 |      18 |       4 |  18.2
        D:6 |     803 |     172 |  17.6 |      26 |       1 |   3.7
        D:7 |     709 |     516 |  42.1 |      14 |       7 |  33.3
        D:8 |    1416 |       0 |   0.0 |      21 |       0 |   0.0
        D:9 |    2434 |    1802 |  42.5 |      12 |      12 |  50.0
       D:10 |    3476 |    2876 |  45.3 |      17 |      13 |  43.3
       D:11 |    6322 |       0 |   0.0 |      19 |       0 |   0.0
       D:12 |    5736 |     522 |   8.3 |      15 |       9 |  37.5
       D:13 |    3844 |       0 |   0.0 |       9 |       0 |   0.0
       D:14 |    7026 |    3803 |  35.1 |      19 |       5 |  20.8
       D:15 |   12185 |    3256 |  21.1 |      21 |       6 |  22.2
     Lair:1 |    3538 |    1487 |  29.6 |      15 |       1 |   6.2
     Lair:2 |    5068 |    1506 |  22.9 |      18 |       5 |  21.7
     Lair:3 |    7548 |    1206 |  13.8 |      20 |       2 |   9.1
     Lair:4 |    8319 |    1926 |  18.8 |      22 |       6 |  21.4
     Lair:5 |    8845 |   11408 |  56.3 |      25 |      26 |  51.0
      Orc:1 |     212 |       0 |   0.0 |       5 |       0 |   0.0
      Orc:2 |    2863 |    3860 |  57.4 |      27 |      21 |  43.8
    Abyss:2 |   12613 |       0 |   0.0 |      35 |       0 |   0.0
            +---------+---------+-------+---------+---------+-------
